Map: 2000 Atmospheres LE

Players

ziGGy

  • Race: Terran Terran

HeroMarine - Winner!

  • Race: Terran Terran

Event: DreamHack SC2 Masters 2021 Fall

VOD

Have the link to the VOD?

Description

Time

  • Played on: Aug. 1, 2021, 10:22 a.m.
  • Length: 9:10

All games in this series

Show
View Real Time Build Order
Export as new Build Order

ziGGy Terran 

Build Orders:  

Get SALT Encoding   

  12  0:00  SCV  
  13  0:12  SCV  
  14  0:17  Supply Depot  
  14  0:24  SCV  
  15  0:38  SCV  
  15  0:39  Barracks  
  16  0:44  Refinery  
  16  0:50  SCV  
  17  0:58  Barracks  
  17  1:03  SCV  
  18  1:15  SCV  
  19  1:26  Reaper  
  19  1:27  Orbital Command  
  19  1:31  Supply Depot  
  20  1:45  Reaper  
  21  2:03  Reaper  
  21  2:05  Command Center  
  22  2:09  Refinery  
  22  2:12  SCV  
  23  2:20  Reaper  
  24  2:24  SCV  
  25  2:36  Reaper, SCV  
  27  2:47  Command Center  
  27  2:49  SCV  
  28  2:53  Barracks Reactor  
  28  3:01  SCV  
  29  3:09  Factory  
  29  3:13  SCV  
  29  3:15  Barracks Tech Lab  
  29  3:18  Orbital Command  
  30  3:25  SCV  
  28  3:30  Marine x2  
  29  3:35  Marauder  
  29  3:37  Concussive Shells  
  29  3:39  SCV  
  32  3:48  Marine x2  
  32  3:54  Starport  
  34  3:56  Marauder  
  34  3:58  Factory Reactor  
  36  4:04  Orbital Command  
  36  4:08  Marine x2  
  38  4:13  SCV  
  38  4:17  Marine  
  38  4:23  SCV  
  40  4:26  Marine  
  40  4:28  Marine  
  42  4:35  Marine  
  42  4:36  SCV x2  
  45  4:41  Medivac  
  45  4:43  Factory Tech Lab  
  45  4:44  Marine, Medivac  
  50  4:49  SCV x2  
  51  4:53  SCV  
  46  5:01  SCV x2  
  46  5:05  SCV  
  47  5:08  Stimpack  
  47  5:13  SCV x2  
  47  5:14  Marine x2  
  47  5:17  SCV  
  47  5:19  Barracks  
  50  5:24  Supply Depot  
  50  5:25  SCV  
  50  5:26  SCV  
  52  5:29  Refinery, Marine  
  52  5:30  Refinery  
  52  5:32  Siege Tank  
  56  5:37  SCV x2  
  56  5:40  Supply Depot  
  59  5:42  SCV  
  59  5:43  Supply Depot  
  59  5:44  Marine  
  59  5:45  Marine  
  59  5:46  Starport Reactor  
  59  5:49  SCV  
  62  5:53  SCV  
  62  5:55  SCV  
  62  6:00  Marine  
  62  6:02  Marine  
  62  6:03  Marine, SCV  
  65  6:05  SCV  
  65  6:07  Siege Tank, Engineering Bay  
  69  6:13  SCV  
  69  6:16  Orbital Command  
  71  6:18  Marine  
  71  6:24  Marine x3  
  74  6:26  SCV, Barracks  
  74  6:27  SCV  
  74  6:28  Barracks  
  76  6:33  Marine  
  76  6:36  Marine, Terran Infantry Weapons Level 1  
  76  6:38  SCV  
  76  6:39  SCV  
  80  6:43  SCV  
  80  6:45  Siege Tank  
  84  6:47  Combat Shield  
  84  6:50  SCV  
  85  6:55  SCV  
  85  6:56  SCV  
  85  6:58  Marine  
  85  7:03  Marine  
  85  7:05  Marine x2  
  85  7:06  Marine, SCV, Medivac  
  85  7:07  SCV  
  75  7:08  SCV  
  75  7:12  Supply Depot  
  76  7:16  Marine  
  76  7:18  SCV  
  76  7:19  SCV  
  76  7:20  Engineering Bay  
  76  7:21  Marine, Armory, Siege Tank  
  76  7:22  Barracks Reactor  
  83  7:23  Barracks Reactor  
  83  7:25  SCV  
  84  7:30  SCV  
  84  7:31  SCV, Medivac  
  84  7:34  Refinery  
  84  7:35  Marine x2  
  84  7:36  Marine x2  
  92  7:37  SCV  
  92  7:42  SCV, Medivac  
  92  7:43  SCV  
  97  7:47  Supply Depot  
  97  7:49  SCV  
  97  7:50  Supply Depot  
  98  7:54  SCV  
  98  7:55  Sensor Tower  
  98  7:56  Marine x2  
  102  7:58  SCV  
  102  8:01  SCV  
  102  8:02  Siege Tank  
  106  8:07  SCV  
  106  8:10  Marine x4, SCV  
  112  8:14  Medivac  
  112  8:18  Medivac  
  112  8:19  SCV x2  
  118  8:22  Marine, Refinery, SCV  
  118  8:26  Marine x2  
  122  8:33  Marine x3  
  125  8:39  Marine x2  
  125  8:42  Marine  
  125  8:43  Marine  
  125  8:44  Marine x2, SCV  
  125  8:48  SCV  
  118  8:51  Marine x3  
  95  8:56  SCV  
Show
View Real Time Build Order
Export as new Build Order

HeroMarine Terran - Winner!

Build Orders:  

Get SALT Encoding   

  12  0:00  SCV  
  13  0:12  SCV  
  14  0:17  Supply Depot  
  14  0:24  SCV  
  15  0:39  SCV  
  15  0:40  Barracks  
  15  0:42  Refinery  
  16  0:51  SCV  
  16  0:52  Refinery  
  17  1:03  SCV  
  18  1:15  SCV  
  19  1:27  Reaper, Orbital Command  
  19  1:30  Supply Depot  
  20  1:43  Factory  
  20  1:53  SCV  
  21  1:59  Reaper  
  22  2:05  SCV  
  23  2:17  SCV  
  23  2:21  Command Center  
  24  2:27  Hellion  
  24  2:29  SCV  
  27  2:31  Reaper  
  27  2:35  Supply Depot  
  28  2:41  SCV  
  29  2:48  Hellion  
  31  2:51  Starport  
  31  2:56  SCV  
  32  3:04  Barracks Reactor  
  32  3:09  SCV  
  32  3:10  Factory Tech Lab  
  33  3:21  SCV  
  33  3:23  Refinery  
  31  3:31  Cyclone  
  31  3:33  SCV  
  35  3:37  Medivac  
  35  3:40  Marine x2  
  39  3:45  SCV  
  40  3:57  SCV  
  40  3:58  Marine x2  
  42  4:05  Orbital Command  
  42  4:09  SCV  
  46  4:13  Starport Tech Lab  
  46  4:15  Marine, Siege Tank  
  46  4:16  Marine  
  48  4:21  SCV  
  49  4:25  Supply Depot  
  47  4:32  SCV  
  47  4:33  Marine x2, SCV  
  47  4:37  Raven  
  53  4:44  SCV  
  54  4:47  SCV  
  54  4:51  Marine x2  
  57  4:56  SCV  
  57  4:59  SCV  
  59  5:04  Siege Tank  
  58  5:09  Marine, SCV  
  58  5:11  SCV  
  58  5:13  Command Center  
  61  5:19  Supply Depot  
  61  5:20  Raven  
  62  5:29  Barracks  
  62  5:30  Barracks  
  62  5:37  Marine x2, SCV x2, Siege Tank  
  69  5:46  Engineering Bay  
  69  5:47  Engineering Bay  
  69  5:49  SCV x2  
  71  6:01  SCV x2  
  73  6:11  Refinery  
  73  6:13  SCV x2  
  73  6:14  Siege Tank  
  73  6:17  Stimpack  
  73  6:18  Barracks Reactor  
  78  6:21  Barracks  
  78  6:23  Barracks  
  78  6:25  Viking x2  
  82  6:27  Barracks Reactor  
  82  6:28  Orbital Command  
  82  6:32  SCV x2  
  84  6:36  Marine  
  85  6:40  Terran Infantry Weapons Level 1  
  85  6:43  Supply Depot  
  85  6:44  SCV  
  85  6:45  Supply Depot, SCV  
  87  6:48  Terran Infantry Armor Level 1  
  87  6:54  Marine  
  87  6:56  SCV  
  87  7:01  SCV, Missile Turret  
  90  7:03  Orbital Command  
  81  7:09  Barracks Reactor  
  81  7:10  Marine, SCV  
  81  7:11  Marine x3, Barracks Reactor  
  81  7:12  Marine  
  81  7:13  SCV  
  88  7:16  Supply Depot  
  88  7:17  Siege Tank  
  88  7:18  Missile Turret  
  92  7:22  SCV  
  92  7:25  SCV  
  92  7:26  Medivac  
  92  7:28  Marine x2, Medivac  
  92  7:29  Marine x2  
  101  7:33  SCV  
  101  7:34  SCV  
  103  7:39  Supply Depot  
  103  7:40  SCV, Missile Turret  
  104  7:44  Marine  
  104  7:45  Refinery x2, Sensor Tower, SCV  
  104  7:47  Marine, SCV  
  104  7:48  Marine  
  104  7:49  Marine x2  
  111  7:51  Marine x2  
  111  7:52  Marine  
  111  7:53  Marine  
  111  7:56  SCV  
  111  7:57  SCV  
  117  8:00  SCV  
  117  8:03  Medivac  
  117  8:05  Medivac  
  125  8:11  Marine x3  
  125  8:17  Supply Depot x2  
  125  8:18  Supply Depot  
  125  8:19  Marine x2, SCV, Siege Tank  
  131  8:20  Marine  
  131  8:21  Marine  
  133  8:34  Armory  
  133  8:36  Supply Depot  
  133  8:38  Marine x8  
  133  8:39  Marine  

Tags
 
Add a new tag
Caveats
  • Supply blocks, unpowered buildings, or Contaminate may cause inaccurate times.
  • Supply counts are checked every 10 seconds.